 Dungeon Crawl Stone Soup version 0.26.1-10-gdfb7c7de75 (webtiles) character file.

Game seed: 6220278720337438368

177 phalm the Changer (level 5, -5/33 HPs)
             Began as an Octopode Transmuter on Apr 2, 2021.
             Was a Follower of Cheibriados.
             Killed by divine providence
             ... invoked by an orc priest
              (10 damage)
             ... on level 3 of the Dungeon.
             The game lasted 00:04:35 (3987 turns).

phalm the Changer (Octopode Transmuter)             Turns: 3987, Time: 00:04:35

Health: -5/33      AC:  1    Str: 11    XL:     5   Next: 57%
Magic:  9/9        EV: 14    Int: 17    God:    Cheibriados [*.....]
Gold:   162        SH:  0    Dex: 16    Spells: 3/9 levels left

rFire    . . .     SeeInvis .     - Unarmed
rCold    . . .     Faith    .   (no shield)
rNeg     . . .     Spirit   .   (helmet restricted)
rPois    .         Reflect  .   (no amulet)
rElec    .         Harm     .   (no ring)
rCorr    .         Rampage  .   (no ring)
Will     .....                  (no ring)
Stlth    ++........             (no ring)
HPRegen  0.11/turn              (no ring)
MPRegen  0.11/turn              (no ring)
                                (no ring)
                                (no ring)

@: very slow
A: almost no armour, stealthy swim, amphibious, 8 rings, constrict 8, camouflage
1, gelatinous body 1
a: Renounce Religion, Bend Time


You were on level 3 of the Dungeon.
You worshipped Cheibriados.
Cheibriados was aware of your devotion.
You visited 1 branch of the dungeon, and saw 3 of its levels.

You collected 162 gold pieces.

Inventory:

Wands
 k - a wand of flame (7)
Scrolls
 a - 4 scrolls of identify {unknown}
 g - a scroll of amnesia {unknown}
 h - a scroll of enchant armour {unknown}
 j - a scroll of immolation {unknown}
 m - a scroll of remove curse {unknown}
Potions
 b - 2 potions of curing {unknown}
 c - 2 potions of might {unknown}
 d - 2 potions of degeneration {unknown}
 e - a potion of invisibility {unknown}
 f - a potion of attraction {unknown}
 i - 2 potions of haste {unknown}
 l - a potion of heal wounds {unknown}


   Skills:
 - Level 1.0 Fighting
 - Level 2.0 Dodging
 - Level 3.0 Unarmed Combat
 + Level 2.8 Spellcasting
 * Level 3.8 Transmutations
 * Level 3.8 Poison Magic


You had 3 spell levels left.
You knew the following spells:

 Your Spells              Type           Power        Failure   Level
a - Beastly Appendage     Tmut           30%          3%          1
b - Wereblood             Tmut           15%          5%          2
c - Spider Form           Tmut/Pois      7%           11%         3

Your spell library contained the following spells:

 Spells                   Type           Power        Failure   Level
 Ice Form                 Ice/Tmut       8%           63%         4
 Blade Hands              Tmut           7%           71%         5


Dungeon Overview and Level Annotations

Branches:
Dungeon (3/15)

Altars:
Cheibriados
Gozag

Annotations:
D:3 Grinder


Innate Abilities, Weirdness & Mutations

You cannot wear most types of armour.
You are very stealthy in the water. (Stealth+)
You are amphibious.
You can wear up to eight rings at the same time.
You can use your tentacles to constrict eight enemies at once.
Your skin changes colour to match your surroundings (Stealth+).
Your rubbery body absorbs attacks. (AC +1, EV +1)


Message History

The orc shouts!
The orc throws a boomerang.
The boomerang hits you.
The weapon returns to the orc!
The orc throws a boomerang.
The boomerang hits you.
The weapon returns to the orc!
The orc priest looks braver for a moment.
You see here a leather armour.
The orc priest looks braver for a moment.
You see here a rat corpse.
The orc priest casts a cantrip, but nothing happens.
You open the door.
The orc priest invokes the aid of Beogh against you.
Pain shoots through your body!
* * * LOW HITPOINT WARNING * * *
You hear a shout!
There is an open door here.
The orc priest shouts!
The orc priest mumbles some strange prayers to Beogh against you.
Beogh smites you!
You die...

############ #.#########
#####..........### #..........
#.......##..†....######.######
#.......##.......'......###...
#.......#........###.....##.##
######...##........###.....##...
.......†###........#.'......#...
######..###o#+#'#..#.#......#...
..........#†#.#@...#<#......#...
####..#..[.ooo...#..#.#......#.##
...#...o...#†#.#.#..#.#......#.#.
.....#.#..#.#.#.# ##.+......#)#.
####.##.#..... #.# ###......#.'.
......o$##.#.#.#.. ..........)#.
####.o.....#.#.### ####.......##
...............# #.......#
.#.....o.#...## #.......#


You could see an orc priest and 2 orcs.

Vanquished Creatures
  4 gnolls (D:3)
  7 adders
  A worm (D:2)
  5 dart slugs
  2 leopard geckos
  An orc (D:3)
  3 bats
  A giant cockroach (D:1)
  13 goblins
  12 hobgoblins
  A jackal (D:1)
  4 kobolds
  A quokka (D:3)
  2 frilled lizards
  5 rats
62 creatures vanquished.

Notes
Turn   | Place    | Note
-------+----------+-------------------------------------------
     0 | D:1      | phalm the Octopode Transmuter began the quest for the Orb.
     0 | D:1      | Reached XP level 1. HP: 13/13 MP: 3/3
   210 | D:1      | Reached skill level 1 in Poison Magic
   212 | D:1      | Reached XP level 2. HP: 13/18 MP: 3/5
   473 | D:1      | Reached XP level 3. HP: 21/23 MP: 4/6
   476 | D:1      | Learned a level 2 spell: Wereblood
   480 | D:1      | Learned a level 3 spell: Spider Form
  1324 | D:2      | Found a snail-covered altar of Cheibriados.
  1334 | D:2      | Became a worshipper of Cheibriados the Contemplative
  1381 | D:2      | Found an opulent altar of Gozag.
  1384 | D:2      | Reached XP level 4. HP: 16/28 MP: 5/7
  2869 | D:3      | Reached * piety under Cheibriados
  2870 | D:3      | Reached XP level 5. HP: 33/33 MP: 6/8
  2903 | D:3      | HP: 1/33 [gnoll/+0 spear (7)]
  3561 | D:3      | Noticed Grinder
  3561 | D:3      | Paralysed by Grinder for 3 turns
  3987 | D:3      | Killed from afar by an orc priest

Illustrated notes

Levels and vault maps discovered:
D:1:      eino_arrival_cavern_c, layout_basic, minmay_hexomino_c4
D:2:      layout_basic, cheibriados_altar_1,
          nicolae_gozag_cash_rules_everything_around_me
D:3:      cheibrodos_pilgrimage, layout_basic, uniq_grinder

Skill      XL: |  1  2  3  4 |
---------------+-------------+-----
Poison Magic   | 1 2 3 |  3.8
Transmutations | 3 |  3.8
Fighting       | |  1.0
Dodging        | |  2.0
Unarmed Combat | |  3.0
Spellcasting   | |  2.8

Action                   |  1- 3 |  4- 6 || total
-------------------------+-------+-------++-------
Melee: Unarmed           |    66 |    65 ||   131
       Constrict         |    21 |    14 ||    35
       Tentacles         |     9 |    12 ||    21
       Kick              |     8 |    13 ||    21
       Punch             |     2 |       ||     2
 Cast: Beastly Appendage |    16 |    24 ||    40
       Wereblood         |       |     2 ||     2
 Stab: Sleeping          |     4 |     2 ||     6
Armor: Skin              |     4 |     3 ||     7
Dodge: Dodged            |    28 |    43 ||    71
